 Dungeon Crawl Stone Soup version 0.29-a0-643-ga013cefcf8 (webtiles) character file.

Game seed: 14374292670290571329

32 DocClef the Skirmisher (level 3, 0/24 HPs)
             Began as a Tengu Fighter on June 19, 2022.
             Succumbed to an adder's poison
             ... on level 2 of the Dungeon.
             The game lasted 00:01:04 (1233 turns).

DocClef the Skirmisher (Tengu Fighter)              Turns: 1233, Time: 00:01:06

Health: 0/24       AC:  6    Str: 16    XL:     3   Next: 27%
Magic:  4/4        EV:  8    Int:  8    God:
Gold:   58         SH:  5    Dex: 15    Spells: 2/2 levels left

rFire   . . .      SeeInvis .   j - +0 dagger (elec)
rCold   . . .      Faith    .   c - +0 buckler
rNeg    . . .      Spirit   .   b - +0 scale mail
rPois   .          Reflect  .   (helmet restricted)
rElec   .          Harm     .   f - scarf {repulsion}
rCorr   .          Rampage  .   (no gloves)
Will    .....                   (boots unavailable)
Stlth   ..........              (no amulet)
HPRegen 0.08/turn               (no ring)
MPRegen 0.09/turn               (no ring)

@: lethally poisoned (0 -> -5), repel missiles
A: beak, talons 3
a: no special abilities


You were on level 2 of the Dungeon.
You visited 1 branch of the dungeon, and saw 2 of its levels.

You collected 58 gold pieces.

Inventory:

Hand Weapons
 a - a +0 long sword
 j - a +0 dagger of electrocution (weapon)
Armour
 b - a +0 scale mail (worn)
 c - a +0 buckler (worn)
 f - a scarf of repulsion (worn)
Scrolls
 e - 2 scrolls of identify {unknown}
 k - a scroll of magic mapping {unknown}
 m - a scroll of poison {unknown}
 n - a scroll of enchant weapon {unknown}
Potions
 d - a potion of might
 g - 2 potions of curing {unknown}
 h - a potion of heal wounds {unknown}
 i - a potion of mutation {unknown}
 l - 2 potions of invisibility {unknown}


   Skills:
 + Level 4.3 Fighting
 - Level 2.1 Long Blades
 - Level 3.2 Armour
 - Level 3.0 Shields


You had 2 spell levels left.
You didn't know any spells.
Your spell library contained the following spells:

 Spells                   Type           Power      Damage    Failure   Level
 Sandblast                Erth           0%         2d4       90%         1
 Passwall                 Tmut/Erth      0%         N/A       97%         2
 Stone Arrow              Conj/Erth      0%         3d7       99%         3


Dungeon Overview and Level Annotations

Branches:
Dungeon (2/15)

Altars:


Innate Abilities, Weirdness & Mutations

You have a beak for a mouth.
You have claws for feet.


Message History

The adder bites you but does no damage. The hobgoblin barely misses you.
You miss the adder. Your peck misses the adder. The adder bites you.
The hobgoblin hits you but does no damage.
The adder bites you but does no damage.
You completely miss the adder. You claw the adder, but do no damage.
You peck the adder.
The adder is moderately wounded.
The adder barely misses you. The hobgoblin hits you.
You closely miss the adder. Your kick misses the adder.
The adder is moderately wounded.
You block the adder's attack. You block the hobgoblin's attack.
The hobgoblin attacks as you move away! The hobgoblin hits you.
The adder attacks as you move away! The adder bites you.
The adder barely misses you. The hobgoblin attacks as you move away!
The hobgoblin hits you. The hobgoblin attacks as you move away!
The hobgoblin closely misses you.
You hit the adder.
The adder is heavily wounded.
The adder bites you but does no damage.
You hit the adder but do no damage. Your kick misses the adder.
The adder is heavily wounded.
The adder bites you but does no damage. x2
You hit the adder. Your kick misses the adder.
The adder is severely wounded.
You block the adder's attack.
You closely miss the adder. Your kick misses the adder.
The adder is severely wounded.
The adder bites you.
* * * LOW HITPOINT WARNING * * *
You are lethally poisoned!
The adder poisons you!
You closely miss the adder. You claw the adder.
You kill the adder!
* * * LOW HITPOINT WARNING * * *
You feel sick. The giant cockroach bites you.
* * * LOW HITPOINT WARNING * * *
You hit the giant cockroach but do no damage.
Lightning courses through the giant cockroach!
You kill the giant cockroach!
You die...

#.......# #.#
#.......######.#####
#.......##...#.#...#
.........#.#.#.#.#.#
###......#.#.....#.#
#......#.#######.##
######...# #.....#
##### ##....# #@...#
#†##.# #g.#.# #.†#.#
#......# #......#
#......# #......#
#..#.###


You could see a hobgoblin.

Vanquished Creatures
  An adder (D:2)
  4 endoplasms
  2 giant cockroaches
  3 goblins
  2 hobgoblins (D:2)
  A ball python (D:1)
  3 bats
  A frilled lizard (D:1)
  3 kobolds (D:1)
  3 rats (D:1)
23 creatures vanquished.

Notes
Turn   | Place    | Note
-------+----------+-------------------------------------------
     0 | D:1      | DocClef the Tengu Fighter began the quest for the Orb.
     0 | D:1      | Reached XP level 1. HP: 14/14 MP: 2/2
   370 | D:1      | Found a faded altar of an unknown god.
   518 | D:1      | Reached XP level 2. HP: 17/19 MP: 3/3
   935 | D:2      | Reached skill level 4 in Fighting
  1221 | D:2      | Reached XP level 3. HP: 18/24 MP: 4/4
  1232 | D:2      | HP: 1/24 [giant cockroach (2)]
  1233 | D:2      | Succumbed to an adder's poison

Illustrated notes

Levels and vault maps discovered:
D:1:      ebering_trefoil_twist, layout_basic, ebering_ecumenical_altar_box
D:2:      layout_basic, chequers_serial_rivers_room_b, minmay_stone_trees_small,
          minmay_misc_feat_ornament, minmay_statues_item, minmay_heptomino_w4

Skill      XL: |  1  2 |
---------------+-------+-----
Fighting       | 4 |  4.3
Long Blades    | |  2.1
Armour         | |  3.2
Shields        | |  3.0

Action                   || total
-------------------------++-------
Melee: Long sword        ||     8
       Dagger            ||    40
       Kick              ||    10
       Peck              ||     5
Armor: Scale mail        ||    17
Dodge: Dodged            ||    16
Block: Buckler           ||     8

Table legend: (Time is in decaauts)
 A = Elapsed time spent in this place.
 B = Non-inter-level travel time spent in this place.
 C = Inter-level travel time spent in this place.
 D = Time resting spent in this place.
 E = Time spent auto-exploring this place.
 F = Levels seen in this place.
 G = Mean time per level.
                   A        B        C        D        E       F      G
               +--------+--------+--------+--------+--------+-----+--------+
         Total |   1236 |   1215 |     21 |    219 |    820 |   2 |  618.0 |
       Dungeon |   1236 |   1215 |     21 |    219 |    820 |   2 |  618.0 |
               +--------+--------+--------+--------+--------+-----+--------+

Top non-repeatable levels by time:
     D:1: 886 daAuts
     D:2: 349 daAuts
